 Dungeon Crawl Stone Soup version 0.30.0-15-g856e2d3f33 (webtiles) character file.

Game seed: 13324233747658650235

1021 Strat the Insei (level 8, 0/44 HPs)
             Began as a Vine Stalker Monk on May 18, 2023.
             Was an Initiate of Gozag.
             Slain by an orc warrior
             ... wielding a +0 dire flail
              (8 damage)
             ... on level 6 of the Dungeon.
             The game lasted 00:04:40 (4509 turns).

Strat the Insei (Vine Stalker Monk)                 Turns: 4509, Time: 00:04:41

Health: 0/44       AC: 10    Str: 16    XL:     8   Next: 22%
Magic:  0/9        EV: 10    Int: 10    God:    Gozag
Gold:   672        SH:  0    Dex: 17    Spells: 7/7 levels left

rFire   . .          .
                       - Unarmed
rCold   . . .        c - orb {light}
rNeg    . . .        v - +0 scale mail
rPois   .            (no helmet)
rElec   .            (no cloak)
rCorr   .            d - +0 pair of gloves
SInv    .            p - +2 pair of boots
Will    +....        (no amulet) Stlth
                     (no ring)
HPRegen 1.07/turn    (no ring)
MPRegen 0.11/turn

%: guardian spirit
@: glowing
A: fangs 3, regeneration 1, magic shield, antimagic bite, no potion heal 2
a: Renounce Religion, Potion Petition, Call Merchant, Bribe Branch


You were on level 6 of the Dungeon.
You worshipped Gozag.
Gozag was pleased with you.
You visited 1 branch of the dungeon, and saw 6 of its levels.

You collected 672 gold pieces.

Inventory:

Armour
 a - a +0 robe
 c - an orb of light (worn)
 d - a +0 pair of gloves (worn)
 j - a +0 leather armour
 p - a +2 pair of boots (worn)
 u - a +0 ring mail
 v - a +0 scale mail (worn)
Jewellery
 y - an amulet of the acrobat
Wands
 r - a wand of polymorph (11)
Scrolls
 e - a scroll of blinking {unknown}
 h - 2 scrolls of fog {unknown}
 i - 6 scrolls of identify {unknown}
 n - 4 scrolls of brand weapon {unknown}
 o - a scroll of vulnerability {unknown}
 s - 2 scrolls of enchant armour {unknown}
 x - a scroll of acquirement {unknown}
Potions
 b - a potion of ambrosia
 f - 2 potions of heal wounds {unknown}
 g - 3 potions of curing {unknown}
 k - a potion of flight {unknown}
 l - a potion of resistance {unknown}
 m - 3 potions of cancellation {unknown}
 q - a potion of mutation {unknown}
 t - 2 potions of lignification {unknown}
 w - 2 potions of might {unknown}
 z - a potion of brilliance {unknown}
 A - a potion of invisibility {unknown}


   Skills:
 + Level 6.0 Fighting
 + Level 2.6 Armour
 - Level 2.4 Dodging
 + Level 6.9 Unarmed Combat


You had 7 spell levels left.
You didn't know any spells.
Your spell library was empty.

Dungeon Overview and Level Annotations

Branches:
Dungeon (6/15)             Temple (0/1) D:5

Altars:
Cheibriados
Dithmenos
Gozag
Vehumet
The Shining One

Shops:
D:2 [   D:4 :


Innate Abilities, Weirdness & Mutations

You have razor-sharp teeth.
Your natural rate of healing is unusually fast.
When hurt, damage is shared between your health and your magic reserves.
Your bite disrupts and absorbs the magic of your enemies.
Potions cannot restore your health.


Message History

An orc priest comes into view.
It is wielding a +1 flail of holy wrath.
An orc comes into view. It is wielding a +0 mace.
The orc shouts!
The orc priest shouts!
You hear a shout!
An orc warrior comes into view. It is wielding a +0 dire flail.
An orc wizard comes into view. It is wielding a +0 dagger.
The orc warrior shouts!
The orc wizard shouts!
The orc hits you with a +0 club. The orc closely misses you.
You hit the orc warrior but do no damage.
Your bite misses the orc warrior. The orc barely misses you.
The orc priest miscasts a cantrip.
The orc warrior hits you with a +0 dire flail.
You hit the orc warrior. You bite the orc warrior. You drain its power.
You feel invigorated.
The orc warrior is moderately wounded.
The orc hits you but does no damage.
The orc warrior hits you with a +0 dire flail.
You hit the orc warrior. You bite the orc warrior. You drain its power.
The orc warrior is moderately wounded.
The orc hits you but does no damage. The orc wizard casts a spell at you.
The magic dart hits you. The orc warrior barely misses you.
You barely miss the orc warrior.
You bite the orc warrior, but do no damage.
The orc warrior is moderately wounded.
The orc hits you but does no damage.
The orc wizard hits you with a +0 dagger.
The orc priest mumbles some strange prayers to Beogh against you.
Beogh smites you!
* * * LOW HITPOINT WARNING * * *
The orc warrior hits you with a +0 dire flail!!
* * * LOW HITPOINT WARNING * * *
Okay, then.
Okay, then.
The orc warrior attacks as you move away!
The orc warrior hits you with a +0 dire flail!
* * * LOW HITPOINT WARNING * * *
The orc warrior attacks as you move away!
The orc warrior hits you with a +0 dire flail!
You die...
Your body crumbles into a pile of gold.

.....................##
.....................##
...........##.........#
##.......#...#......###
#......##..........##
...................#
##.................#
......#..........#
...#.....@##?<...#
......oo# ......
.......ooo......
##..............
##..##......... #...
.......#.. ....
......## .... .......
..# .........


You could see an orc warrior, an orc priest, an orc wizard and an orc.

Vanquished Creatures
  2 ice beasts
  A bullfrog (D:6)
  4 scorpions
  A howler monkey (D:5)
  A hound (D:6)
  2 jellies (D:5)
  2 sleepcaps (D:6)
  An orc priest (D:3)
  Jessica (D:2)
  2 orc wizards
  Natasha (thrice) (D:2)
  An iguana (D:5)
  5 adders
  A shadow imp (D:5)
  2 white imps (D:6)
  An ufetubus (D:6)
  A dart slug (D:3)
  12 orcs
  3 bats
  8 endoplasms
  8 giant cockroaches
  4 goblins (D:1)
  8 hobgoblins
  3 jackals (D:1)
  3 quokkas
  6 ball pythons
  3 frilled lizards (D:1)
  3 kobolds (D:2)
  6 rats
98 creatures vanquished.

Notes
Turn   | Place    | Note
-------+----------+-------------------------------------------
     0 | D:1      | Strat the Vine Stalker Monk began the quest for the Orb.
     0 | D:1      | Reached XP level 1. HP: 11/11 MP: 2/2
   108 | D:1      | Reached XP level 2. HP: 12/16 MP: 3/3
   239 | D:1      | Reached XP level 3. HP: 15/19 MP: 2/4
  1051 | D:2      | Found an opulent altar of Gozag.
  1084 | D:2      | Became a worshipper of Gozag Ym Sagoz the Greedy
  1116 | D:2      | Found a faded altar of an unknown god.
  1277 | D:2      | Noticed Natasha
  1287 | D:2      | Killed Natasha
  1288 | D:2      | Reached skill level 5 in Unarmed Combat
  1288 | D:2      | Gained mutation: Your natural rate of healing is unusually
                  | fast. [Vine Stalker growth]
  1288 | D:2      | Reached XP level 4. HP: 22/23 MP: 5/5
  1298 | D:2      | Noticed Jessica
  1316 | D:2      | Killed Jessica
  1399 | D:2      | Noticed Natasha
  1407 | D:2      | Killed Natasha
  1408 | D:2      | Reached XP level 5. HP: 21/27 MP: 1/6
  1482 | D:2      | Noticed Natasha
  1487 | D:2      | Killed Natasha
  1676 | D:2      | Found Jueral's Antique Armour Boutique.
  2244 | D:4      | Found a shadowy altar of Dithmenos.
  2351 | D:4      | Found a glowing golden altar of the Shining One.
  2439 | D:4      | Reached XP level 6. HP: 32/32 MP: 7/7
  2515 | D:4      | Found Sammoaf's Tremendous Tomes.
  2632 | D:4      | Found a radiant altar of Vehumet.
  3343 | D:5      | Entered Level 5 of the Dungeon
  3515 | D:5      | Found a staircase to the Ecumenical Temple.
  3523 | D:5      | Reached skill level 5 in Fighting
  3523 | D:5      | Reached XP level 7. HP: 17/39 MP: 2/8
  3643 | D:5      | Reached skill level 1 in Armour
  3925 | D:5      | Found a snail-covered altar of Cheibriados.
  4362 | D:6      | Gained mutation: You have razor-sharp teeth. [Vine Stalker
                  | growth]
  4362 | D:6      | Reached XP level 8. HP: 34/44 MP: 5/9
  4509 | D:6      | Slain by an orc warrior

Illustrated notes

Levels and vault maps discovered:
D:1:      spicycebolla_arrival_xxxplode, layout_basic, minmay_three_crescents
D:2:      layout_rooms, hellmonk_ecumenical_altar_pennies_from_heaven,
          serial_shops, nicolae_shop_back_alley_shop, serial_forest,
          infiniplex_forest_clump_small, infiniplex_forest_clump_tiny,
          infiniplex_forest_lined_3_way, infiniplex_forest_corner_1,
          infiniplex_forest_clump_double, infiniplex_forest_end_2,
          infiniplex_forest_clump_cross, infiniplex_forest_clump_diagonal,
          infiniplex_forest_straight_3, infiniplex_forest_lined_room_2,
          basic_altar, uniq_jessica, uniq_natasha
D:3:      layout_rooms, amcnicky_mini_pool_small, minivault_25
D:4:      layout_basic, mainiacjoe_overflow_small_starburst, tso_metal_star,
          mainiacjoe_overflow_tiny_flanked, nicolae_shop_i_like_big_books
D:5:      layout_basic, lemuel_doored_altar, temple_fountains, serial_rivers,
          chequers_serial_rivers_micro_b, chequers_serial_rivers_room_a,
          chequers_serial_rivers_large_a, chequers_serial_rivers_small_b,
          chequers_serial_rivers_marsh, chequers_serial_rivers_small_b,
          minmay_strange_pillars
D:6:      lemuel_slime, layout_cave_pools

Skill      XL: |  1  2  3  4  5  6  7  8 |
---------------+-------------------------+-----
Unarmed Combat | 4 5 6 |  6.9
Fighting       | 3 5 6 |  6.0
Armour         | 2 |  2.6
Dodging        | |  2.4

Action                     |  1- 3 |  4- 6 |  7- 9 || total
---------------------------+-------+-------+-------++-------
  Melee: Unarmed           |    76 |   112 |    95 ||   283
         Bite              |    24 |    27 |    43 ||    94
    Use: Scroll            |     1 |       |       ||     1
   Stab: Distracted        |       |     1 |       ||     1
 Armour: Robe              |    14 |       |       ||    14
         Leather armour    |     6 |    15 |       ||    21
         Scale mail        |       |    13 |    46 ||    59
         Ring mail         |       |     6 |       ||     6
  Dodge: Dodged            |    31 |    39 |    47 ||   117
